 Dungeon Crawl Stone Soup version 0.30-a0-778-g2ef04afb54 (webtiles) character file.

Game seed: 6739955485519528624

9 Esekla the Sneak (level 2, 21/21 HPs)
             Began as an Octopode Delver on Feb 16, 2023.
             Quit the game on level 5 of the Dungeon.
             The game lasted 00:02:42 (240 turns).

Esekla the Sneak (Octopode Delver)                   Turns: 240, Time: 00:02:43

Health: 21/21      AC:  1    Str: 11    XL:     2   Next: 16%
Magic:  2/2        EV: 13    Int: 12    God:
Gold:   0          SH:  0    Dex: 13    Spells: 1/1 levels left

rFire   . . .      SeeInvis .    a - +0 falchion
rCold   . . .      Faith    .    (no shield)
rNeg    . . .      Spirit   .    (helmet restricted)
rPois   .          Reflect  .    (no amulet)
rElec   .          Harm     .    (no ring)
rCorr   .          Rampage  .    (no ring)
Will    .....                    (no ring)
Stlth   ++++                     (no ring)
HPRegen 0.23/turn                (no ring)
MPRegen 0.08/turn                (no ring)
                                 (no ring)
                                 (no ring)

@: no status effects
A: almost no armour, amphibious, 8 rings, camouflage 1, gelatinous body 1,
(nimble swimmer 1), tentacles
a: no special abilities


You were on level 5 of the Dungeon.
You visited 2 branches of the dungeon, and saw 2 of its levels.

Inventory:

Hand Weapons
 a - a +0 falchion (weapon)
Wands
 f - a wand of digging (3)
Scrolls
 b - a scroll of fog
 c - 2 scrolls of magic mapping
Potions
 e - 2 potions of haste
 g - a potion of attraction {unknown}


   Skills:
 * Level 3.1 Fighting
 * Level 2.1 Long Blades
 * Level 2.1 Dodging
 + Level 6.9 Stealth
 * Level 0.3 Spellcasting


You had one spell level left.
You didn't know any spells.
Your spell library was empty.

Dungeon Overview and Level Annotations

Branches:
Dungeon (5/15)             Temple (1/1) D:5

Altars:
Ashenzari
Cheibriados
Dithmenos
Elyvilon
Hepliaklqana
Kikubaaqudgha
Nemelex Xobeh
Qazlal
Ru
Trog
Uskayaw
Vehumet
Wu Jian
Yredelemnul

Shops:
D:5 *


Innate Abilities, Weirdness & Mutations

You cannot wear most types of armour.
You are amphibious.
You can wear up to eight rings at the same time.
Your skin changes colour to match your surroundings (Stealth+).
Your rubbery body absorbs attacks. (AC +1, EV +1)
((You are camouflaged when in or above water. (Stealth+)))
You have tentacles for arms and can constrict up to eight enemies at once.


Message History

You constrict the adder.
You feel sick. The adder barely misses you.
You hit the adder.
You kill the adder!
You feel sick. The scorpion barely misses you.
You have reached level 2!
As you read the scroll of fear, it crumbles to dust.
You assume a fearsome visage.
The scorpion looks frightened!
You feel sick.
You feel sick.
You see here an adder corpse.
Found an escape hatch in the floor.
You feel sick.
You feel sick.
You are no longer poisoned.
Found an escape hatch in the ceiling.
Found a staircase to the Ecumenical Temple.
You enter the shallow water.
Found a stone staircase leading up.
There is a staircase to the Ecumenical Temple here.
You climb downwards.
Welcome to the Ecumenical Temple!
Found a sacrificial altar of Ru and a broken altar of Ashenzari.
There is a staircase back to the Dungeon here.
HP restored.
Found three altars.
Found three altars.
Found three altars.
There is a bloodstained altar of Trog here.
Found a white marble altar of Elyvilon.
Found an ornate altar of the Wu Jian Council.
Found an ancient bone altar of Kikubaaqudgha.
Done exploring.
(D) Dungeon (T) Temple
Where to? (? - help)
There is a staircase back to the Dungeon here.
You climb upwards.
There is a staircase to the Ecumenical Temple here.
You enter the shallow water.
A black bear comes into view.
Found a war axe.
Found a stone staircase leading up.
A white imp comes into view.
Are you sure you want to abandon this character and quit the game? (Confirm with "yes".)

#.............................##.
#)..........................####.
#................................
#.......................<..######
#..........................#
#....................~~§...#
#...................~~§~~..#
#..................~~~~§§~.#
#...............@..~§§>~§~.#
#..............<...~~§§~§~.#
###################.~~§§~.##
#..~~~..# ** ######### *, *, *,
*, *,


There were no monsters in sight!

Vanquished Creatures
  An adder (D:5)
1 creature vanquished.

Notes
Turn   | Place    | Note
-------+----------+-------------------------------------------
     0 | D:5      | Esekla the Octopode Delver began the quest for the Orb.
     0 | D:5      | Reached XP level 1. HP: 16/16 MP: 1/1
     3 | D:5      | Found Roirph's General Store.
    48 | D:5      | Noticed a scorpion
    77 | D:5      | Noticed a scorpion
    86 | D:5      | Reached XP level 2. HP: 9/21 MP: 2/2
    95 | D:5      | Found a staircase to the Ecumenical Temple.
   104 | Temple   | Entered the Ecumenical Temple
   214 | D:5      | Noticed a black bear
   240 | D:5      | Quit the game

Illustrated notes

Levels and vault maps discovered:
D:5:      layout_basic, minmay_temple_entry_mist, serial_shops,
          nicolae_take_the_stairs, nicolae_square_shop
Temple:   nicolae_temple_ecumenical_triangle

Action                     || total
---------------------------++-------
  Melee: Falchion          ||     5
         Tentacles         ||     2
         Constrict         ||     1
    Use: Scroll            ||     2
  Dodge: Dodged            ||     4

Table legend: (Time is in decaauts)
 A = Elapsed time spent in this place.
 B = Non-inter-level travel time spent in this place.
 C = Inter-level travel time spent in this place.
 D = Time resting spent in this place.
 E = Time spent auto-exploring this place.
 F = Levels seen in this place.
 G = Mean time per level.
                   A        B        C        D        E       F      G
               +--------+--------+--------+--------+--------+-----+--------+
         Total |    241 |    230 |     11 |      0 |     80 |   2 |  120.5 |
       Dungeon |    144 |    143 |      1 |      0 |      0 |   1 |  144.0 |
        Temple |     96 |     86 |     10 |      0 |     80 |   1 |   96.0 |
               +--------+--------+--------+--------+--------+-----+--------+

Top non-repeatable levels by time:
     D:5: 144 daAuts
  Temple: 96 daAuts
